groovejumper, neutral female human Wizard ------------ |F|.....|..-- |^|.....|00.| |.|-.......-| |.||....|...| |.|---.-|.[>| |.| |.|--.-- |.| |.|--.--- |.----.--....| |@d.%........| |.d------%...| ---- |%..-- ----- groovejumper the Thaumaturge Experience level: 9 Strength: 25 Dexterity: 15 Constitution: 15 Intelligence: 15 Wisdom: 13 Charisma: 8 Health: 0(68) Energy: 91(122) AC: 4 Gold: 3845 Moves: 4435 Your Inventory: Coins $ - 3845 gold pieces Amulets v - a [cursed] hexagonal amulet [of restful sleep] Weapons a - a blessed +3 quarterstaff (weapon in hands) Armor b - an uncursed +1 cloak of magic resistance (being worn) o - an [uncursed] +1 leather armor (being worn) z - a cursed thoroughly rotted +0 leather hat [elven leather helm] (being worn) C - a cursed rotted +0 pair of elven boots (being worn) G - a [cursed -1] plumed helmet [of opposite alignment] T - an uncursed +0 pair of gauntlets of power (being worn) Comestibles K - 2 [uncursed] food rations N - an [uncursed] lizard corpse Scrolls t - 3 uncursed scrolls of destroy armor u - an uncursed scroll of confuse monster w - an uncursed scroll of light A - a [blessed] scroll labeled ELAM EBOW [of gold detection] D - a [cursed] scroll called earth [of earth] F - a [cursed] scroll of enchant weapon I - an uncursed scroll of scare monster M - 2 [uncursed] scrolls called earth [of earth] Spellbooks l - a blessed spellbook of force bolt Potions E - a [cursed] clear potion [of unholy water] O - a [cursed] orange potion [of see invisible] P - an [uncursed] black potion [of enlightenment] U - 14 uncursed clear potions [of water] V - an [uncursed] potion of oil W - a [cursed] sparkling potion [of invisibility] Rings d - an uncursed ring of conflict e - an uncursed ring of invisibility k - a [cursed] emerald ring [of poison resistance] n - a cursed -1 ring of adornment r - a [cursed] ridged ring [of teleportation] R - a cursed ring of stealth and aggravation Y - a [cursed +2] citrine ring [of gain dexterity] Wands c - an uncursed wand of polymorph (0:4) j - an uncursed wand of secret door detection (0:12) p - an [uncursed] nickel wand [of striking (0:5)] q - an uncursed wand of lightning (0:5) S - an uncursed wand of speed monster (0:6) Z - an uncursed wand of light (0:14) Tools m - an [uncursed] key [skeleton key] x - a [cursed] blindfold y - a [cursed] tinning kit [0:55] X - an [uncursed +0] unicorn horn Spells known in the end: Name Level Category Fail Memory a - force bolt 1 attack 19% [|||||||.] b - cure sickness 3 healing 100% [|||||||.] c - stone to flesh 3 healing 100% [|||||||.] d - confuse monster 2 enchantment 19% [|||||||.] e - healing 1 healing 19% [|||||||.] f - sleep 1 enchantment 19% [||||||||] Your skills at the end: Fighting Skills Weapon Skills quarterstaff [Basic / Expert] Spellcasting Skills attack spells [Basic / Expert] enchantment spells [Basic / Skilled] Final Attributes: You were piously aligned. Hunger level was 498. Your alignment was 31 / 32. Monster difficulty range was 1 - 8. Level difficulty was 8. You were magic-protected. You were stealthy. Your luck was zero. You are dead. Vanquished creatures: a shopkeeper 2 ghosts a small mimic 2 large dogs an elf mummy 5 ettin zombies a quivering blob a panther a gremlin a brown pudding a lizard a dingo a blue jelly a white unicorn a gnome mummy a human zombie a bugbear a mountain nymph 2 Mordor orcs a yellow light a shrieker a gnome lord a kobold mummy an elf zombie a little dog a kobold shaman a rothe 3 giant bats 2 Kop Sergeants 4 orc zombies 2 dwarf zombies 2 iguanas a gas spore a hobgoblin a giant rat 4 cave spiders 9 Keystone Kops a gecko 4 jackals a kobold a sewer rat 8 grid bugs a bat 3 lichens 4 newts 86 creatures vanquished. Voluntary challenges: You were an atheist. You used a wielded weapon 75 times. You read items or engraved 25 times. You put on armor 6 times. You never genocided any monsters. You never polymorphed an object. You never changed form. You used no wishes. You wrote Elbereth's name 10 times. You encountered 1 bones level. You never used any Sokoban shortcuts. Dungeon overview: The Dungeons of Doom: levels 1 to 9 Level 1 a long staircase Level 2 a scroll shop a long staircase Level 3 a general store Level 5 a general store Level 7 a fountain Level 9 (stashes) many fountains Level 9 a fountain stairs to Sokoban Sokoban: Level 8 <- You were here stairs to The Dungeons of Doom History has recorded: On T:1 you entered the Dungeons of Doom to retrieve the Amulet of Yendor! On T:438 you reached level 2 of The Dungeons of Doom. On T:630 you advanced to experience level 2. On T:910 you advanced to experience level 3. On T:919 you advanced to experience level 4. On T:954 you reached level 3 of The Dungeons of Doom. On T:1234 you reached level 4 of The Dungeons of Doom. On T:1514 you advanced to experience level 5. On T:1538 you reached level 5 of The Dungeons of Doom. On T:1669 you advanced to experience level 6. On T:2028 you advanced to experience level 7. On T:2052 you reached level 6 of The Dungeons of Doom. On T:2410 you reached level 7 of The Dungeons of Doom. On T:2707 you reached level 8 of The Dungeons of Doom. On T:3152 you advanced to experience level 8. On T:3211 you received advice from The Oracle. On T:3516 you reached level 9 of The Dungeons of Doom. On T:3651 you reached level 3 of Sokoban. On T:4078 you advanced to experience level 9. Latest messages: You see here a very rotten gecko corpse. [HP+1=51] [2 turns] With great effort you move the boulder. [HP+1=52] [2 turns] [HP+1=53] [2 turns] The boulder fills a pit. [HP+1=54] [2 turns] The warg bites! [HP-6=48] [2 turns] The warg bites! (2x) [HP-20=28] You hit the warg! The warg bites! (2x) [HP-7=21] You hit the warg! The warg bites! (4x) You die... Final status: Goodbye groovejumper the Wizard... You died in Sokoban on dungeon level 8 with 12544 points, and 3845 pieces of gold, after 4435 moves. You were level 9 with a maximum of 68 hit points when you died.